[Event "*** Titled Tuesday Blitz"]
[Site "Chess.com"]
[Date "2018.08.07"]
[Round "6"]
[White "AdrianaNikolova"]
[Black "Maili15"]
[Result "0-1"]
[WhiteElo "2388"]
[BlackElo "2255"]
[TimeControl "180+2"]
[EndTime "14:17:13 PDT"]
[Termination "Maili15 won by resignation"]

1. e4 c5 2. c3 d5 3. exd5 Qxd5 4. d4 Nf6 5. Nf3 e6 6. Bd3 cxd4 7. O-O dxc3 8. Nxc3 Qd8 9. Bb5+ Bd7 10. Qa4 Bxb5 11. Nxb5 Nc6 12. Rd1 Nd5 13. Nfd4 Qd7 14. Nxc6 Qxc6 15.
Rxd5 exd5 16. Nc7+ Kd7 17. Qxc6+ bxc6 18. Nxa8 Bc5 19. b4 Bd6 20. a4 Bxb4 21. Rb1 c5 22.
Bb2 f6 23. Rd1 d4 24. Kf1 Rxa8 25. Ke2 Re8+ 26. Kd3 Kc6 27. Kc4 a5 28. Kd3 Kd5 29.
Rc1 Re1 30. Rxe1 Bxe1 31. f3 c4+ 32. Ke2 Bb4 33. Bc1 d3+ 34. Kd1 Kd4 35. Bf4 c3 36. g4 c2+ 37. Kc1 Ba3+ 0-1

[Event "*** Titled Tuesday Blitz"]
[Site "Chess.com"]
[Date "2018.08.07"]
[Round "6"]
[White "FearNoEvil12"]
[Black "senecacrane"]
[Result "1-0"]
[WhiteElo "1956"]
[BlackElo "2118"]
[TimeControl "180+2"]
[EndTime "14:17:16 PDT"]
[Termination "FearNoEvil12 won by resignation"]

1. e4 c6 2. d4 d5 3. Nc3 dxe4 4.
Nxe4 Bf5 5. Ng3 Bg6 6. Bc4 e6 7.
N1e2 Nd7 8. O-O Bd6 9. f4 Ne7 10. Bd3 Bxd3 11. Qxd3 g6 12. b3 Qc7 13. c4 c5 14. Nc3 a6 15. Nge4 O-O-O 16. Nxd6+ Qxd6 17. Ne4 Qxd4+ 18. Qxd4 cxd4 19. Nd6+ Kc7 20. Nxf7 Nf5 21. Nxh8 Rxh8 22. Bb2 Nc5 23. g4 Nd3 24. gxf5 Nxb2 25. fxe6 Re8 26. Rf2 Nd3 27. Rd2 Nxf4 28. Rf1 g5 29.
Rxf4 gxf4 30. Rxd4 Rxe6 31. Rxf4 h6 32. Kf2 Rd6 33.
Re4 Rd2+ 34. Re2 Rd6 35. Ke1 Kb6 36. Rd2 Re6+ 37. Kd1 Kc5 38. Kc2 Rg6 39. a3 Kc6 40. Kc3 Rf6 41. Rd3 Rf2 42. h3 Rf1 43. b4 Rc1+ 44. Kb3 Rb1+ 45. Kc2 Rg1 46. Rf3 Rg2+ 47.
Kb3 Rg6 48. a4 b6 49. h4 Re6 50. Rg3 h5 51. b5+ axb5 52. axb5+ Kc7 53. Rg7+ Kd6 54.
Rg5 Rh6 55. Kb4 Kc7 56. Rg7+ Kd6 57. Rb7 Ke5 58. c5 bxc5+ 59. Kxc5 Kf4 60. Rg7 Re6 1-0

[Event "*** Titled Tuesday Blitz"]
[Site "Chess.com"]
[Date "2018.08.07"]
[Round "6"]
[White "norwaytoadog"]
[Black "Egorov_Pavel"]
[Result "0-1"]
[WhiteElo "2132"]
[BlackElo "2316"]
[TimeControl "180+2"]
[EndTime "14:17:17 PDT"]
[Termination "Egorov_Pavel won by checkmate"]

1. e4 e6 2. d4 d5 3. e5 c5 4. c3 Nc6 5. Nf3 Qb6 6. a3 f6 7. exf6 Nxf6 8. b4 cxd4 9. cxd4 Bd6 10. Bd3 O-O 11. O-O e5 12. dxe5 Nxe5 13. Be3 Qc7 14. h3 Kh8 15. Nxe5 Bxe5 16. Ra2 d4 17. Bg5 Qf7 18. Re2 Bc7 19. Qc2 Qh5 20. Bxf6 Rxf6 21. Qxc7 Bxh3 22. Qg3 Bg4 23. Re5 g5 24. f4 gxf4 25.
Rxh5 fxg3 26. Rxf6 Bxh5 27. Nd2 Re8 28. Rh6 Re1+ 29.
Nf1 Bd1 30. Rxh7+ Kg8 31. Rxb7 Be2 32. Re7 Rxf1# 0-1

[Event "*** Titled Tuesday Blitz"]
[Site "Chess.com"]
[Date "2018.08.07"]
[Round "6"]
[White "albi1999"]
[Black "chenrip"]
[Result "1-0"]
[WhiteElo "2389"]
[BlackElo "2417"]
[TimeControl "180+2"]
[EndTime "14:17:18 PDT"]
[Termination "albi1999 won by resignation"]

1. d4 d5 2. c4 e5 3. dxe5 d4 4.
Nf3 Nc6 5. a3 Nge7 6. b4 Ng6 7.
Bb2 Ngxe5 8. Nxe5 Nxe5 9. e3 Be6 10. Bxd4 Nxc4 11. Qc2 Nd6 12. Bd3 c6 13. O-O Be7 14. Nd2 h6 15. Rad1 O-O 16. Rfe1 Bf6 17. Bxf6 Qxf6 18.
e4 Nb5 19. e5 Qe7 20. Bxb5 cxb5 21. Ne4 Rac8 22. Qe2 Bc4 23. Qh5 Rfe8 24. Nd6 Rcd8 25. Nxe8 Rxe8 26. Qf5 Be6 27. Qd3 Rc8 28. Qxb5 a6 29.
Qb6 Kh7 30. Qd6 Qg5 31. Qd2 Qe7 32. Qd3+ g6 33. h3 Qg5 34. Qe3 Qe7 35. Rc1 Rxc1 36. Rxc1 Bd5 37. Rd1 Qe6 38. Qf4 Bc6 39. Rd6 Qb3 40.
e6 f5 41. e7 Qb1+ 42. Kh2 Qe1 43. Qe3 Qf1 44. f3 Qb5 45. e8=Q Bxe8 46. Qe7+ Kg8 47. Rf6 1-0

[Event "*** Titled Tuesday Blitz"]
[Site "Chess.com"]
[Date "2018.08.07"]
[Round "6"]
[White "m3alam"]
[Black "BasilSmash"]
[Result "1-0"]
[WhiteElo "2209"]
[BlackElo "2448"]
[TimeControl "180+2"]
[EndTime "14:17:21 PDT"]
[Termination "m3alam won by resignation"]

1. Nf3 d5 2. d4 Nf6 3. c4 e6 4. g3 Be7 5. Bg2 O-O 6. Qc2 c5 7. dxc5 dxc4 8. O-O Qc7 9. Qxc4 Qxc5 10. Na3 Nc6 11.
Rd1 Qh5 12. Nb5 e5 13. Nd6 Bxd6 14. Rxd6 Bh3 15. Bg5 Ng4 16. Bh4 Bxg2 17. Kxg2 Rac8 18.
h3 Nf6 19. Bxf6 gxf6 20. g4 Qg6 21. Rc1 Rcd8 22. Nh4 Qg5 23. Nf3 Qg6 24. Nh4 Qg5 25.
Nf3 Qh6 26. g5 Qg7 27. Rxf6 Nd4 28. e3 Nxf3 29. Rxf3 Rd6 30. Rg3 Rg6 31. h4 h6 32.
Qg4 hxg5 33. hxg5 Rc8 34. Rxc8+ 1-0

[Event "*** Titled Tuesday Blitz"]
[Site "Chess.com"]
[Date "2018.08.07"]
[Round "6"]
[White "BilodeauA"]
[Black "Firouzja2003"]
[Result "0-1"]
[WhiteElo "2718"]
[BlackElo "2835"]
[TimeControl "180+2"]
[EndTime "14:17:22 PDT"]
[Termination "Firouzja2003 won by checkmate"]

1. d4 Nf6 2. Nc3 d5 3. Bf4 a6 4. e3 e6 5. g4 h6 6. Qf3 c5 7. h4 Nc6 8. Nge2 g6 9. O-O-O cxd4 10. exd4 Bg7 11. g5 Nh5 12. Be3 hxg5 13. hxg5 Bd7 14.
Bh3 b5 15. Kb1 Qa5 16. Nxd5 Rc8 17. Ndc3 Ne7 18. Ne4 Bc6 19. Nd6+ Kd7 20. Qxf7 Bd5 21.
Nxc8 Rxc8 22. Nf4 Qxa2+ 23. Kc1 Nxf4 24. Bxf4 Qa1+ 25. Kd2 Qxb2 26. Ke1 Rxc2 27. Bg4 Rxf2 28. Rh7 Rg2 29. Rd2 Qb1+ 30. Bd1 Qe4+ 31. Re2 Rg1+ 32. Kf2 Bxd4+ 33. Be3 Qg2# 0-1

[Event "*** Titled Tuesday Blitz"]
[Site "Chess.com"]
[Date "2018.08.07"]
[Round "6"]
[White "MFBerna"]
[Black "krzysztofszczurek"]
[Result "1-0"]
[WhiteElo "2292"]
[BlackElo "2368"]
[TimeControl "180+2"]
[EndTime "14:17:24 PDT"]
[Termination "MFBerna won by checkmate"]

1. e4 c5 2. Nf3 d6 3. d4 cxd4 4. Nxd4 Nf6 5. Nc3 a6 6. Be2 e5 7. Nb3 Be7 8. O-O O-O 9. Be3 Be6 10. f4 exf4 11. Rxf4 Nbd7 12. Nd4 Rc8 13. Qd2 Ne5 14. Kh1 Qd7 15. a4 Nc4 16. Bxc4 Rxc4 17. Raf1 Rfc8 18. Nf5 Bxf5 19. Rxf5 Qe6 20. Qd3 R8c6 21. Bd4 Rc8 22. Bxf6 Bxf6 23. Nd5 Bxb2 24. Rxf7 Qxf7 25. Rxf7 Kxf7 26.
Qb3 Kf8 27. h4 Rxc2 28. Qf3+ Ke8 29. Qh5+ Kd8 30. Qxh7 Rc1+ 31. Kh2 Be5+ 32. Kh3 R8c2 33. Qg8+ Kd7 34. Qf7+ Kc8 35. Qe8# 1-0

[Event "*** Titled Tuesday Blitz"]
[Site "Chess.com"]
[Date "2018.08.07"]
[Round "6"]
[White "nitpicker"]
[Black "Mbneu"]
[Result "1-0"]
[WhiteElo "2109"]
[BlackElo "2275"]
[TimeControl "180+2"]
[EndTime "14:17:24 PDT"]
[Termination "nitpicker won by resignation"]

1. d4 Nf6 2. c4 c5 3. d5 e6 4. Nc3 exd5 5. cxd5 d6 6. e4 g6 7.
h3 Bg7 8. Nf3 O-O 9. Bd3 b5 10.
Nxb5 Re8 11. Nc3 Nxe4 12. Nxe4 f5 13. Ng5 fxe4 14. Bxe4 Bf5 15. Ne6 Bxe4 16. Nxd8 Bf3+ 17. Ne6 Bxd1 18. Kxd1 Bf6 19. Nc7 Nd7 20. Nxa8 Rxa8 21. Kc2 Nb6 22. Rd1 Nc4 23. Rb1 Re8 24. b3 Nb6 25. Be3 Re5 26. Rd2 Nxd5 27. Rbd1 Nb4+ 28. Kb1 d5 29. a3 d4 30. Bf4 Rf5 31. axb4 Rxf4 32. bxc5 Kf7 33. c6 Ke8 34. Ra2 Kd8 35. Rxa7 Rxf2 36. b4 Kc8 37. Ra2 Rf5 38. Ra7 Rb5 39. Rb7 Rxb7 40. cxb7+ Kxb7 41. Kc2 Kc6 42. Kb3 Kb5 43. Rf1 Be5 44. Ra1 Bc7 45. Ra7 Bb6 46.
Rxh7 d3 47. Rd7 1-0

[Event "*** Titled Tuesday Blitz"]
[Site "Chess.com"]
[Date "2018.08.07"]
[Round "6"]
[White "Marcan2b"]
[Black "RitvarsReimanis"]
[Result "0-1"]
[WhiteElo "2311"]
[BlackElo "2443"]
[TimeControl "180+2"]
[EndTime "14:17:28 PDT"]
[Termination "RitvarsReimanis won by resignation"]

1. e4 c5 2. Nf3 Nc6 3. d4 cxd4 4. Nxd4 Nf6 5. Nc3 d6 6. Be2 e5 7. Nb3 a5 8. a4 Be6 9. O-O Be7 10. Bg5 O-O 11.
Bxf6 gxf6 12. Bg4 Qd7 13. Bxe6 fxe6 14. Nc5 Qc8 15. Qg4+ Kh8 16. Nxe6 Rg8 17. Qf5 Nb4 18. Nd5 Nxd5 19. exd5 Qc4 20. Rfd1 Rg6 21. Ra3 Qe2 22. Rf1 Rag8 23. Rg3 Qc4 24. Rxg6 Rxg6 25. Qf3 Qxc2 26. Qe3 Qc4 27. Rc1 Qxd5 28. Rc8+ Rg8 29. Rxg8+ Kxg8 30.
Qg3+ Kf7 31. Qg7+ Ke8 32. Qg8+ Kd7 33. Nf8+ Kc6 34. Qxd5+ Kxd5 35. Nxh7 f5 36. g3 Ke6 37.
h4 e4 38. Ng5+ Bxg5 39. hxg5 Kf7 40. f4 exf3 41. Kf2 Kg6 42. Kxf3 Kxg5 43. Ke3 Kg4 44. Kf2 d5 45. Kg2 d4 46. Kf2 d3 47.
Ke3 Kxg3 0-1

[Event "*** Titled Tuesday Blitz"]
[Site "Chess.com"]
[Date "2018.08.07"]
[Round "6"]
[White "nOcHeaTiNgKiD"]
[Black "NateSolon"]
[Result "0-1"]
[WhiteElo "2385"]
[BlackElo "2518"]
[TimeControl "180+2"]
[EndTime "14:17:29 PDT"]
[Termination "NateSolon won by resignation"]

1. Nf3 d5 2. d4 Nf6 3. Bf4 e6 4. e3 Bd6 5. Bg3 O-O 6. Nbd2 c5 7. c3 Qc7 8. Bd3 Nbd7 9. e4 dxe4 10. Nxe4 Nxe4 11. Bxe4 Nf6 12. Bc2 Rd8 13. Qe2 b6 14. O-O Bxg3 15. hxg3 Bb7 16. Rad1 Rac8 17. Rfe1 h6 18.
dxc5 Qxc5 19. Qe5 Qxe5 20. Nxe5 Bd5 21. c4 Bb7 22. b4 Ne8 23. Rxd8 Rxd8 24. Rd1 Rxd1+ 25.
Bxd1 f6 26. Nf3 Nd6 27. Bb3 Kf8 28. c5 bxc5 29. bxc5 Ne4 30. Nd4 Nxc5 31. Nxe6+ Nxe6 32. Bxe6 Ke7 33. Bb3 Kd6 34. f3 Kc5 35. Kf2 Kd4 36.
Ke2 Ba6+ 37. Kf2 Bd3 38. g4 g5 39. g3 a5 40. f4 Bb5 41. Bf7 Bd7 42. f5 a4 43. Be6 Bc6 44. Bf7 a3 45. Be6 Be4 46. Ke2 Kc3 47. Kd1 Bf3+ 48. Kc1 Bxg4 49. Bc8 Bf3 50. Be6 h5 0-1

[Event "*** Titled Tuesday Blitz"]
[Site "Chess.com"]
[Date "2018.08.07"]
[Round "6"]
[White "BlackBoarder"]
[Black "ChrisTool2"]
[Result "1-0"]
[WhiteElo "2388"]
[BlackElo "2246"]
[TimeControl "180+2"]
[EndTime "14:17:29 PDT"]
[Termination "BlackBoarder won on time"]

1. e4 c5 2. Nf3 e6 3. c3 Nf6 4. e5 Nd5 5. d4 cxd4 6. cxd4 d6 7. a3 Be7 8. Bd3 Nc6 9. O-O O-O 10. Qe2 dxe5 11.
dxe5 Qa5 12. Bd2 Qa4 13. Nc3 Nxc3 14. Bxc3 Bd7 15. Rfd1 Rfd8 16. Bc2 Qg4 17. h3 Qh5 18. Rd2 Be8 19. Rad1 a6 20. Qe4 Rxd2 21. Rxd2 Rd8 22. Rxd8 Nxd8 23. Kh2 Bc6 24. Qg4 Bxf3 25. gxf3 Qh4 26.
Kg2 h5 27. Qxh4 Bxh4 28. Be4 Kf8 29. f4 g6 30. Kf3 Ke8 31. Ke3 Kd7 32. Bd4 Nc6 33.
Bb6 Kc8 34. Kd3 Ne7 35. Kc4 Nf5 36. b4 Be7 37. a4 Bh4 38. b5 axb5+ 39. Kxb5 Ne7 40.
Be3 Ng8 41. Kb6 Bd8+ 42. Ka7 Ne7 43. Bxb7+ Kd7 44. Bb6 Nd5 45. Bxd8 Kxd8 46. Kb8 1-0

[Event "*** Titled Tuesday Blitz"]
[Site "Chess.com"]
[Date "2018.08.07"]
[Round "6"]
[White "Tjktiger"]
[Black "Cryptochess"]
[Result "1-0"]
[WhiteElo "2531"]
[BlackElo "2495"]
[TimeControl "180+2"]
[EndTime "14:17:32 PDT"]
[Termination "Tjktiger won by resignation"]

1. d4 Nf6 2. c4 e6 3. g3 d5 4. Bg2 Be7 5. Nf3 O-O 6. O-O dxc4 7. Qc2 b6 8. Ne5 Qxd4 9. Bxa8 Qxe5 10. Bf3 Nd5 11. Qxc4 Ba6 12. Qa4 c5 13. a3 b5 14.
Qe4 Qf6 15. h4 h6 16. Nc3 Nxc3 17. bxc3 Qxc3 18. Be3 Rc8 19. Rac1 Qf6 20. Rfd1 c4 21. Bxa7 Nc6 22. Be3 Ne5 23. Bg2 Bc5 24. Bxc5 Rxc5 25. Qa8+ Bc8 26. Qa7 Rd5 27. Bxd5 exd5 28. Rxd5 Ng4 29.
Qd4 Qxd4 30. Rxd4 Be6 31. a4 bxa4 32. Rcxc4 Bxc4 33. Rxc4 Nf6 34. Rxa4 g5 35. hxg5 hxg5 36. Kg2 Kg7 37. Ra6 Kg6 38. Kf3 Kf5 39. e4+ Ke5 40. Ra5+ Ke6 41. Rxg5 Nd7 42. Ra5 f6 43. Ke3 Ne5 44.
Rxe5+ fxe5 45. f4 Kf6 46. Kd3 Ke6 47. Kc4 Kd6 48. f5 Ke7 49. Kd5 Kf6 1-0

[Event "*** Titled Tuesday Blitz"]
[Site "Chess.com"]
[Date "2018.08.07"]
[Round "6"]
[White "ShadowJolteon"]
[Black "Laico"]
[Result "1/2-1/2"]
[WhiteElo "2215"]
[BlackElo "2273"]
[TimeControl "180+2"]
[EndTime "14:17:32 PDT"]
[Termination "Game drawn by agreement"]

1. d4 e6 2. c4 f5 3. e4 fxe4 4.
f3 b6 5. Nc3 Bb4 6. h4 Bb7 7.
fxe4 Bxe4 8. Bd3 Bxd3 9. Qxd3 Qf6 10. Nf3 Qf5 11. Qxf5 Bxc3+ 12. bxc3 exf5 13. O-O Nf6 14. Re1+ Kf7 15. Ne5+ Kf8 16. Rf1 d6 17. Rxf5 Ke7 18.
Nd3 Nc6 19. Bg5 Rhf8 20. Raf1 Rf7 21. Nf4 Kd7 22. Nd5 Na5 23. Bxf6 gxf6 24. Nxf6+ Kc6 25. d5+ Kb7 26. R1f4 Raf8 27. g4 Nxc4 28. Rxc4 Rxf6 29. Rcf4 Rxf5 30. Rxf5 Re8 31. Rf7 h5 32. g5 Re4 33.
Kf2 Rxh4 34. g6 Rg4 35. g7 a5 36. Kf3 b5 37. Ke3 Kb6 38. Kf3 1/2-1/2

[Event "*** Titled Tuesday Blitz"]
[Site "Chess.com"]
[Date "2018.08.07"]
[Round "6"]
[White "Supernotar"]
[Black "MITerryble"]
[Result "0-1"]
[WhiteElo "2468"]
[BlackElo "2765"]
[TimeControl "180+2"]
[EndTime "14:17:37 PDT"]
[Termination "MITerryble won by checkmate"]

1. d4 e6 2. c4 Bb4+ 3. Bd2 c5 4. Nf3 Nf6 5. e3 Bxd2+ 6. Qxd2 d6 7. dxc5 dxc5 8. Qxd8+ Kxd8 9. Nc3 Ke7 10. Be2 Nc6 11.
O-O-O b6 12. Rd2 Bb7 13. h3 Rad8 14. Rhd1 Rxd2 15. Rxd2 Rd8 16. Rxd8 Kxd8 17. Ng5 Ke7 18. Bf3 h6 19. Nge4 Ne5 20. Nd2 Bxf3 21. Nxf3 Nxc4 22. Nb5 a6 23. Nc7 Ne4 24. Nxa6 Nxf2 25. h4 Nxe3 26. g3 Ne4 27. Ne5 Nxg3 28. Nc6+ Kd6 29. Nd8 f5 30. b4 cxb4 31. Nxb4 Nd5 32. Nd3 Ne2+ 33. Kd2 Nef4 34. Nf2 Ng2 35. Nf7+ Ke7 36. Ne5 Nxh4 37. a4 g5 38. Nc6+ Kd6 39. Nd8 Ke7 40. Nc6+ Kf6 41.
Nd3 Nf3+ 42. Ke2 g4 43. Kf2 h5 44. Nb2 h4 45. Nc4 h3 46. Nd6 h2 47. Kg2 Ne3+ 48. Kh1 g3 49. Ne8+ Kg5 50. Nd6 g2# 0-1

[Event "*** Titled Tuesday Blitz"]
[Site "Chess.com"]
[Date "2018.08.07"]
[Round "6"]
[White "Raja3401"]
[Black "Keranke"]
[Result "1-0"]
[WhiteElo "2631"]
[BlackElo "2816"]
[TimeControl "180+2"]
[EndTime "14:17:39 PDT"]
[Termination "Raja3401 won by resignation"]

1. e4 g6 2. d4 Bg7 3. Nf3 d6 4. Nc3 Nf6 5. Be2 O-O 6. O-O c6 7. a4 Qc7 8. Be3 e5 9. dxe5 dxe5 10. h3 Rd8 11. Qc1 a5 12. Bh6 Nbd7 13. Rd1 Re8 14. Qg5 Nc5 15. Bxg7 Kxg7 16. Qe3 Ne6 17. g3 Qe7 18. Nxe5 Nc5 19. Nc4 Ncxe4 20.
Nxe4 Qxe4 21. Qxe4 Nxe4 22. Bd3 Bxh3 23. Re1 Nf6 24. f3 Be6 25. Nb6 Rad8 26. Re5 Nd5 27. Nc4 Nb4 28. Nxa5 b6 29. Nc4 Nxd3 30. cxd3 Rxd3 31.
Nxb6 Rxf3 32. Kg2 Rb3 33. a5 Bh3+ 34. Kxh3 Rxe5 35. Nc4 Re7 36. Rd1 Rb4 37. Rc1 Re4 38. Nd6 Re2 39. Rxc6 Rbxb2 40. Kg4 Re6 41. a6 Ra2 42.
Kf4 Ra4+ 43. Kf3 h5 44. Rb6 Rd4 45. a7 Ra4 46. Ne8+ Rxe8 47. Rb8 Ra3+ 48. Kf2 Ree3 49. a8=Q Rf3+ 50. Qxf3 1-0

[Event "*** Titled Tuesday Blitz"]
[Site "Chess.com"]
[Date "2018.08.07"]
[Round "6"]
[White "dmosesov"]
[Black "ZoltanChef"]
[Result "1-0"]
[WhiteElo "2268"]
[BlackElo "2201"]
[TimeControl "180+2"]
[EndTime "14:17:40 PDT"]
[Termination "dmosesov won by checkmate"]

1. e4 c5 2. Nf3 d6 3. Bb5+ Bd7 4.
Bxd7+ Qxd7 5. O-O Nc6 6. c3 Nf6 7. Re1 g6 8. d4 cxd4 9. cxd4 Bg7 10. Nc3 O-O 11. Bg5 Rfd8 12. Qd2 Rac8 13. Rad1 a6 14. Nd5 Rb8 15. Nxf6+ exf6 16. Bh6 Re8 17. Bxg7 Kxg7 18. h3 Re7 19. d5 Ne5 20. Nd4 Rc8 21. b3 Qe8 22. Qb4 Rc5 23. f4 Nd7 24. Qxb7 Nb6 25. Qxb6 Rxe4 26. Rxe4 Qxe4 27. Nf3 Qe3+ 28. Kh1 Qxf4 29.
Re1 Rc3 30. Qf2 Rd3 31. Qe2 Rxd5 32. Qe4 Qxe4 33. Rxe4 f5 34. Rd4 Rxd4 35. Nxd4 Kf6 36. Kg1 Ke5 37. Nc6+ Ke4 38. Kf2 Kd3 39. Nb4+ Kc3 40. Nxa6 Kb2 41. b4 Kxa2 42. b5 d5 43. b6 d4 44. b7 d3 45. Ke3 Kb2 46. b8=Q+ Kc2 47. Nb4+ Kd1 48. Nxd3 f4+ 49. Qxf4 f5 50. Qa4# 1-0

[Event "*** Titled Tuesday Blitz"]
[Site "Chess.com"]
[Date "2018.08.07"]
[Round "6"]
[White "juniortay"]
[Black "Chakraborty-ARZ"]
[Result "0-1"]
[WhiteElo "2404"]
[BlackElo "2434"]
[TimeControl "180+2"]
[EndTime "14:17:49 PDT"]
[Termination "Chakraborty-ARZ won on time"]

1. e4 c6 2. Nf3 d5 3. exd5 cxd5 4.
Ne5 Nf6 5. d4 Bf5 6. Qf3 e6 7.
Bb5+ Nbd7 8. g4 Be4 9. Bxd7+ Qxd7 10. Qxe4 Nxe4 11. Nxd7 Kxd7 12. Be3 h5 13. g5 h4 14. Nd2 Nd6 15. Ke2 Nf5 16. Rhg1 Rc8 17. Rac1 Bd6 18.
h3 b5 19. Rg4 a5 20. Kd3 a4 21.
c3 Rc6 22. a3 b4 23. axb4 Bxb4 24. Ra1 Bd6 25. Rxa4 Rb8 26. b4 Rbc8 27. Ra3 e5 28.
Rg1 e4+ 29. Nxe4 dxe4+ 30. Kxe4 g6 31. Bd2 Rc4 32. Kd3 R4c7 33. Ra6 Rc6 34. Rga1 R6c7 35. b5 Bf8 36. b6 Rb7 37. c4 Bg7 38. d5 Bxa1 39.
Bf4 Bd4 0-1

[Event "*** Titled Tuesday Blitz"]
[Site "Chess.com"]
[Date "2018.08.07"]
[Round "6"]
[White "gena217"]
[Black "JonahWillow"]
[Result "1-0"]
[WhiteElo "2725"]
[BlackElo "2645"]
[TimeControl "180+2"]
[EndTime "14:17:53 PDT"]
[Termination "gena217 won by resignation"]

1. d4 Nf6 2. c4 c5 3. d5 e6 4. Nc3 exd5 5. cxd5 d6 6. Nf3 g6 7. g3 Bg7 8. Bg2 O-O 9. O-O a6 10.
a4 Nbd7 11. Nd2 Re8 12. h3 Rb8 13. Nc4 Ne5 14. Na3 Nh5 15. e4 f5 16. exf5 Bxf5 17. g4 Bxg4 18. hxg4 Qh4 19. gxh5 Rf8 20. h6 Bh8 21.
Nc4 Ng4 22. Qxg4 Qxg4 23. Ne4 b5 24. axb5 axb5 25. Ncxd6 Be5 26. f4 Bd4+ 27. Kh2 Rbd8 28. Ra7 c4 29. Rb7 Qh5+ 30. Bh3 Qe2+ 31. Bg2 Be5 32.
fxe5 Rxf1 33. Bg5 Qh5+ 34. Kg3 Rdf8 35. Bf6 Qxh6 36. Bxf1 Qe3+ 37. Kg2 Rc8 38. Rg7+ Kf8 39. Rxh7 1-0

[Event "*** Titled Tuesday Blitz"]
[Site "Chess.com"]
[Date "2018.08.07"]
[Round "6"]
[White "FairChess_on_YouTube"]
[Black "SergeiAza"]
[Result "1-0"]
[WhiteElo "2955"]
[BlackElo "2704"]
[TimeControl "180+2"]
[EndTime "14:18:05 PDT"]
[Termination "FairChess_on_YouTube won on time"]

1. e4 c5 2. Nc3 Nc6 3. Bb5 g6 4. Bxc6 dxc6 5. d3 Bg7 6. Be3 c4 7. d4 Nf6 8. f3 b5 9. Qd2 h5 10. Nge2 a5 11. O-O Ba6 12. a3 O-O 13. Nd1 Re8 14. Nf2 e5 15. Rfd1 exd4 16. Bxd4 Qc7 17.
Qc3 c5 18. Bxf6 b4 19. Bxg7 bxc3 20. Bxc3 Rad8 21. Re1 Bb7 22. h4 a4 23. Nh3 Rd7 24. Rad1 Rxd1 25. Rxd1 Rd8 26. Re1 Rd7 27. Nef4 Qd8 28.
Kh2 Rd1 29. Rxd1 Qxd1 30. Kg3 Qxc2 31. Nf2 Qb3 32. e5 Qb6 33. e6 fxe6 34. Nxg6 Bd5 35. Nh3 Qc7+ 36. Nhf4 Kh7 37. Ne5 Qg7+ 38. Kf2 Qf6 39. Kg3 Qf5 40. Nh3 Qc2 41. Nf4 Qf5 42. Nd7 e5 43. Nxd5 Qg6+ 44. Kh2 Qc2 45. N5f6+ Kg6 46. Ne4 Qd1 47. Nxe5+ Kh7 48. Nxc4 Qd5 49. Nf6+ 1-0

[Event "*** Titled Tuesday Blitz"]
[Site "Chess.com"]
[Date "2018.08.07"]
[Round "6"]
[White "JoakimVonAnd"]
[Black "saraswathii"]
[Result "0-1"]
[WhiteElo "2373"]
[BlackElo "2295"]
[TimeControl "180+2"]
[EndTime "14:18:19 PDT"]
[Termination "saraswathii won by resignation"]

1. d4 Nc6 2. Nf3 d5 3. Bf4 Bf5 4. e3 a6 5. Bd3 Bg6 6. O-O Nf6 7.
c4 e6 8. Nc3 Be7 9. Rc1 O-O 10.
Qe2 Ne4 11. Bxe4 dxe4 12. Nd2 f5 13. d5 exd5 14. cxd5 Nb4 15. Qc4 Bd6 16. Bxd6 Qxd6 17. Ne2 Rac8 18. Nf4 Bf7 19. Ne6 Rfe8 20. Nd4 g6 21.
Qc5 Bxd5 22. Qxd6 cxd6 23. a3 Nd3 24. Rb1 Rc7 25. b4 Rc3 26. a4 Rec8 27. b5 a5 28. b6 Nb4 29. Nb5 Rc2 30. Nb3 Bc4 31. Nxd6 Bxf1 32.
Nxc8 Bd3 33. Nd6 Rc6 34. Rc1 Rxd6 35. Nxa5 Ba6 36. h3 Rxb6 37. Rc8+ Kg7 38. Rc7+ Kh6 39. Rd7 Nd3 40. f3 exf3 41. gxf3 Rb2 42. Nxb7 Ne5 43.
Rd5 Nxf3+ 0-1

[Event "*** Titled Tuesday Blitz"]
[Site "Chess.com"]
[Date "2018.08.07"]
[Round "6"]
[White "morphy1984"]
[Black "TijanaBlagojevic"]
[Result "0-1"]
[WhiteElo "2496"]
[BlackElo "2381"]
[TimeControl "180+2"]
[EndTime "14:18:22 PDT"]
[Termination "TijanaBlagojevic won by resignation"]

1. e4 d6 2. d4 Nf6 3. Nc3 e5 4.
Nf3 Nbd7 5. Bc4 Be7 6. a4 O-O 7.
O-O b6 8. Re1 Bb7 9. h3 a6 10.
d5 c6 11. dxc6 Bxc6 12. Nd5 Bxd5 13. Bxd5 Nxd5 14. Qxd5 Nf6 15. Qb3 Qc7 16. c3 Nd7 17.
Be3 Rab8 18. Rad1 b5 19. axb5 Rxb5 20. Qa2 Rfb8 21. Bc1 a5 22. Rd5 Nf6 23. Rxb5 Rxb5 24. Bg5 Qb7 25. Bxf6 Bxf6 26. Re2 d5 27. exd5 Rxd5 28.
Qa4 g6 29. Qc4 Kg7 30. Nd2 Qd7 31. Ne4 Rd1+ 32. Kh2 Be7 33. Ng3 f6 34. Ne4 h5 35.
Nc5 Qd5 36. Qxd5 Rxd5 37. Ne4 Rb5 38. Rc2 f5 39. Nd2 Bf6 40. Kg1 e4 41. Kf1 a4 42.
Nc4 Rb3 43. Ke2 g5 44. Ne3 Kg6 45. Nd5 Be5 46. Kd2 f4 47. Ke2 Kf5 48. Ne7+ Ke6 49. Nc6 a3 50. bxa3 Bxc3 51. a4 Bf6 52. a5 Ra3 53. Rc5 f3+ 54. gxf3 exf3+ 55. Ke1 Kd6 56. Rc4 Kd5 57. Rc2 Bc3+ 58. Kd1 Ra1+ 0-1

[Event "*** Titled Tuesday Blitz"]
[Site "Chess.com"]
[Date "2018.08.07"]
[Round "6"]
[White "jposthuma"]
[Black "yoolund"]
[Result "0-1"]
[WhiteElo "2373"]
[BlackElo "2508"]
[TimeControl "180+2"]
[EndTime "14:18:30 PDT"]
[Termination "yoolund won on time"]

1. d4 Nf6 2. c4 g6 3. Nc3 Bg7 4. e4 O-O 5. f3 d6 6. Be3 c5 7. dxc5 dxc5 8. Qxd8 Rxd8 9. Bxc5 Nc6 10. Nge2 b6 11. Ba3 e6 12. Rd1 Bb7 13. b3 Ne5 14. Nc1 Nh5 15. Nb5 Rxd1+ 16. Kxd1 Rd8+ 17. Kc2 a6 18. Nc3 Bh6 19. Nd3 Nxd3 20. Bxd3 Nf4 21. Bc1 Nxd3 22. Bxh6 Nb4+ 23. Kb2 Nd3+ 24. Kc2 Nb4+ 25. Kc1 Rd3 26. Kb2 f5 27. exf5 gxf5 28. Rd1 Rxd1 29. Nxd1 Nd3+ 30. Kc3 Ne1 31. Ne3 e5 32. f4 exf4 33. Bxf4 Nxg2 34. Nxg2 Bxg2 35. Kd4 Kf7 36. Ke5 Be4 37. Kd6 Bb1 38. b4 Bxa2 39.
c5 bxc5 40. bxc5 Be6 41. Kc7 a5 42. Kb6 a4 43. Ka5 a3 44. Kb4 a2 45. Be5 f4 46.
Ka3 f3 0-1

[Event "*** Titled Tuesday Blitz"]
[Site "Chess.com"]
[Date "2018.08.07"]
[Round "6"]
[White "oskariot"]
[Black "chess4life23"]
[Result "1-0"]
[WhiteElo "2472"]
[BlackElo "2294"]
[TimeControl "180+2"]
[EndTime "14:18:33 PDT"]
[Termination "oskariot won by resignation"]

1. e4 c6 2. d4 d5 3. e5 Bf5 4.
Nf3 e6 5. Nbd2 c5 6. dxc5 Bxc5 7. Nb3 Bb6 8. Nbd4 Bg6 9. c3 Ne7 10. Be2 Nec6 11. O-O a6 12. Be3 Bc7 13. Bf4 O-O 14.
Re1 Nd7 15. Bf1 Qb8 16. Nxc6 bxc6 17. Qa4 Qb7 18. Nd4 Nb8 19. Nb3 Bb6 20. Be3 Nd7 21.
Bxb6 Qxb6 22. Qb4 Rab8 23. Qa5 Qxa5 24. Nxa5 Rxb2 25. Nxc6 Re8 26. a4 Rb6 27. Nd4 Rc8 28. a5 Rb2 29. Bxa6 Rxc3 30. Bb5 Nc5 31. Rec1 Rxc1+ 32. Rxc1 Rb1 33. Rxb1 Bxb1 34. a6 Nxa6 35. Bxa6 Kf8 36.
f4 Ke7 37. Kf2 f6 38. Ke3 Be4 39. Bc8 Bxg2 40. Bxe6 fxe5 41. fxe5 g5 42. Bf5 h6 43. Nc6+ Ke8 44. Kd4 h5 45. e6 Bf3 46. Bg6+ Kf8 47. e7+ 1-0

[Event "*** Titled Tuesday Blitz"]
[Site "Chess.com"]
[Date "2018.08.07"]
[Round "6"]
[White "Vuk2000"]
[Black "AlanZhang"]
[Result "1-0"]
[WhiteElo "2674"]
[BlackElo "1938"]
[TimeControl "180+2"]
[EndTime "14:18:33 PDT"]
[Termination "Vuk2000 won on time"]

1. d4 Nf6 2. Bg5 e6 3. e4 h6 4. Bxf6 Qxf6 5. c3 d5 6. Bd3 dxe4 7. Bxe4 Bd6 8. Nf3 c6 9. Qe2 Na6 10. Nbd2 Nc7 11. Nc4 Be7 12. Nce5 Nd5 13. g3 g6 14.
Rd1 Qg7 15. Bc2 h5 16. h4 Nf6 17. Bd3 Bd7 18. Qc2 O-O-O 19. a4 Ng4 20. Qe2 Kb8 21. a5 Bd6 22. Nc4 Bc7 23. a6 b6 24. Ne3 e5 25. dxe5 Nxe3 26. Qxe3 Bg4 27. O-O Bxf3 28. Qxf3 Qxe5 29. Qxf7 g5 30. Qg6 gxh4 31.
Qxc6 Qd5 32. Qxd5 Rxd5 33. gxh4 Rg8+ 34. Kh1 Rg4 35. Rg1 Rxh4+ 36. Kg2 Rg4+ 37. Kf1 Rxg1+ 38.
Kxg1 h4 39. Kg2 Rg5+ 40. Kh3 Rh5 41. Re1 Kc8 42. Re7 Kd8 43. Rf7 Rh8 44. Bf5 Bb8 45.
Rb7 Be5 46. Rxa7 Bc7 47. Ra8+ Ke7 48. Rxh8 1-0